 Dungeon Crawl Stone Soup version 0.21.1-1-g345015f (webtiles) character file.

53 GenChuck the Gusty (level 3, -1/19 HPs)
             Began as a Tengu Air Elementalist on Mar 28, 2018.
             Was an Initiate of Ru.
             Slain by a leopard gecko (2 damage)
             ... on level 4 of the Dungeon.
             The game lasted 00:34:30 (2921 turns).

GenChuck the Gusty (Tengu Air Elementalist)         Turns: 2921, Time: 00:34:31

Health: -1/19      AC:  3    Str:  8    XL:     3   Next: 89%
Magic:  6/7        EV: 12    Int: 16    God:    Ru [......]
Gold:   90         SH:  0    Dex: 14    Spells: 2/6 levels left

rFire    . . .     SeeInvis .   p - +2 dagger (speed)
rCold    . . .     Gourm    .   (no shield)
rNeg     . . .     Faith    .   g - +0 leather armour
rPois    .         Spirit   .   (helmet restricted)
rElec    .         Reflect  .   (no cloak)
rCorr    .         Harm     .   (no gloves)
MR       .....                  (boots unavailable)
Stlth    ++........             (no amulet)
HPRegen  0.06/turn              o - ring of wizardry
MPRegen  0.10/turn              (no ring)

@: no status effects
A: beak, talons 3
a: Renounce Religion


You were on level 4 of the Dungeon.
You worshipped Ru.
Ru was noncommittal.
You were not hungry.

You visited 1 branch of the dungeon, and saw 4 of its levels.

You collected 90 gold pieces.

Inventory:

Hand Weapons
 e - a +0 dagger
 j - a +0 spear
 l - a +0 whip
 p - a +2 dagger of speed (weapon)
 q - a +0 short sword
 v - a +0 flail
Missiles
 i - 7 poisoned needles
Armour
 g - a +0 leather armour (worn)
 m - a +0 robe
 n - a +0 robe
 w - a +0 animal skin
Jewellery
 o - a ring of wizardry (left hand)
Scrolls
 a - a scroll of amnesia
 h - 3 scrolls of remove curse
 t - a scroll of fog
Potions
 d - a potion of curing
 f - a potion of flight
 k - a potion of might {unknown}
 r - a potion of haste {unknown}
 s - a potion of berserk rage {unknown}
 x - a potion of heal wounds
 z - a potion of mutation {unknown}
 A - a potion of lignification {unknown}
Books
 b - a book of Air

   Spells                             Type                      Level
   a - Shock                          Conjuration/Air              1
   b - Swiftness                      Charms/Air                   2
   c - Static Discharge               Conjuration/Air              3
   d - Airstrike                      Air                          4
   e - Lightning Bolt                 Conjuration/Air              5
 u - a book of Maledictions

   Spells                             Type                      Level
   a - Corona                         Hexes                        1
   b - Ensorcelled Hibernation        Hexes/Ice                    2
   c - Confuse                        Hexes                        3
   d - Tukima's Dance                 Hexes                        3
   e - Dazzling Spray                 Conjuration/Hexes            3
Comestibles
 c - a ration


   Skills:
 * Level 1.0 Polearms
 + Level 0.2 Armour
 * Level 2.7 Dodging
 + Level 2.5 Stealth
 + Level 2.3 Spellcasting
 + Level 1.5 Conjurations
 * Level 4.7 Air Magic


You had 2 spell levels left.
You knew the following spells:

 Your Spells              Type           Power        Failure   Level  Hunger
a - Shock                 Conj/Air       ##..         3%          1    #......
b - Tukima's Dance        Hex            #.......     32%         3    ###....


Dungeon Overview and Level Annotations

Branches:
Dungeon (4/15)
 Temple: D:4-7

Altars:
Ashenzari
Gozag
Ru
Trog

Annotations:
D:2 Sigmund
D:3 DrClinical's ghost, amateur HOSk


Innate Abilities, Weirdness & Mutations

You have a beak for a mouth.
You have claws for feet.


Message History

* * * LOW HITPOINT WARNING * * *
The leopard gecko closely misses you. The giant cockroach bites you.
* * * LOW HITPOINT WARNING * * *
The leopard gecko misses you. The leopard gecko closely misses you.
You climb upwards.
Level annotation: DrClinical's ghost, amateur HOSk DrClinical's ghost boasts, "After taking care of you, I will research a spell that consumes the world."
DrClinical's ghost barely misses you.
DrClinical's ghost hits you but does no damage.
There is a stone staircase leading down here.
The giant cockroach closely misses you. DrClinical's ghost barely misses you.
The leopard gecko bites you.
* * * LOW HITPOINT WARNING * * *
The leopard gecko closely misses you.
You climb downwards.
There is a stone staircase leading up, spattered with blood here.
You see here a glowing hand axe.
The giant cockroach closely misses you. The leopard gecko bites you.
You die...

##......##
##........##
#..........#
#..........#
#..........#
#..?....(..#
#..........#
##...s@...##
#....ll..<.#
#...).[..%.#
#..<.......#
#..........#
#..........#
##...".....#
##......#..#
#####.###..


You could see 2 leopard geckos and a giant cockroach.

Vanquished Creatures
  A hound skeleton (D:3)
  An ooze (D:1)
  A worm (D:2)
  2 giant cockroaches (D:1)
  3 goblins
  6 hobgoblins
  5 kobolds
  5 bats
  3 frilled lizards
  6 rats
33 creatures vanquished.

Notes
Turn   | Place    | Note
-------+----------+-------------------------------------------
     0 | D:1      | GenChuck the Tengu Air Elementalist began the quest for the Orb.
     0 | D:1      | Reached XP level 1. HP: 10/10 MP: 4/4
   196 | D:1      | Reached XP level 2. HP: 15/15 MP: 1/6
   660 | D:1      | Learned a level 1 spell: Shock
   924 | D:1      | Reached XP level 3. HP: 19/19 MP: 4/7
  1370 | D:2      | Found a sacrificial altar of Ru.
  1380 | D:2      | Became a worshipper of Ru the Awakened
  2056 | D:2      | Noticed Sigmund
  2233 | D:2      | Found a shattered altar of Ashenzari.
  2372 | D:2      | Learned a level 3 spell: Tukima's Dance
  2416 | D:2      | Found an opulent altar of Gozag.
  2418 | D:2      | Found a bloodstained altar of Trog.
  2879 | D:3      | Reached skill level 1 in Polearms
  2895 | D:3      | Noticed DrClinical's ghost (amateur HOSk)
  2921 | D:4      | Slain by a leopard gecko

Skill      XL: |  1  2  3 |
---------------+----------+-----
Polearms       | 1 |  1.0
Armour         | |  0.2
Dodging        | |  2.7
Stealth        | |  2.5
Spellcasting   | |  2.3
Conjurations   | |  1.5
Air Magic      | |  4.7

Action                   || total
-------------------------++-------
Melee: Unarmed           ||     8
       Dagger            ||    34
       Kick              ||    15
       Peck              ||     6
 Cast: Shock             ||    60
  Use: Scroll            ||    10
  Eat: Chunk             ||     1
       Ration            ||     2
Armor: Leather armour    ||     9
Dodge: Dodged            ||    50
